AoeStats
← AiM | Natural Killer

Arabia

508685506Analyzed
1v1 RM · 10d ago on Sep 23, 2026· 40m 39s· 2 players
Game mode
Random Map
Map size
Tiny (2 player)
Population
200
Speed
Normal
Resources
Standard
Victory
Conquest
Starting age
Dark Age
Ending age
Imperial Age
RankedLock teamsTeams togetherTeam positionsShared explorationLock speedFull tech treeHidden civsTurbo modeCheats
Victory
Defeat
🇨🇱 Persians · Chile
1596
+13
🇺🇸 Mongols · United States
1538
-13
MongolMania
5:41 Loom
8:47 Feudal Age
14:00 Castle Age
14:06 Bloodlines
18:54 Scale Barding Armor
AiM | Natural Killer
7:30 Loom
10:12 Feudal Age
10:40 Double-Bit Axe
19:08 Fletching
25:57 Castle Age
24:39 Horse Collar
26:06 Town Watch
27:03 Bow Saw
39:25 Scale Barding Armor
40:04 Bloodlines
Connection lost

Rejoining the realm…

Still unreachable

The connection could not be restored.

Session expired

The server has moved on; the page needs a fresh start.